 Dungeon Sprint DCSS version 0.29-a0-512-gf59ac788ac (webtiles) character file.

Game seed: 5044904422572769524

1538 mhtbhm the Grappler (level 8, -1/99 HPs)
             Began as a Troll Transmuter on May 29, 2022.
             Was an Initiate of Gozag.
             Slain by a centaur warrior (9 damage)
             ... in the Dungeon (Sprint IX: "|||||||||||||||||||||||||||||").
             The game lasted 00:01:24 (484 turns).

mhtbhm the Grappler (Troll Transmuter)               Turns: 484, Time: 00:01:25

Health: -1/99      AC:  6    Str: 19    XL:     8   Next: 56%
Magic:  9/14       EV: 11    Int: 17    God:    Gozag
Gold:   585        SH:  0    Dex: 10    Spells: 7/17 levels left

rFire   x . .      SeeInvis .     - Unarmed
rCold   + + +      Faith    .   (shield currently unavailable)
rNeg    . . .      Spirit   .   (body armour currently unavailable)
rPois   +          Reflect  .   (helmet currently unavailable)
rElec   .          Harm     .   (cloak currently unavailable)
rCorr   .          Rampage  .   (gloves unavailable)
Will    .....      NoTele   +   (boots unavailable)
Stlth   +.........              (no amulet)
HPRegen 1.06/turn               l - +3 ring of intelligence
MPRegen 0.14/turn               m - +3 ring of intelligence

@: ice-form, wereblooded, gold aura, slowed, very slow
A: freezing attack, amphibious, boosted hp, large, unfitting armour, (claws 3),
regeneration 1, (shaggy fur 1), (tough skin 1)
a: End Transformation, Renounce Religion, Potion Petition, Call Merchant, Bribe
Branch


You were in the Dungeon.
You worshipped Gozag.
Gozag was pleased with you.
You were a creature of crystalline ice.
You visited 1 branch You collected 585 gold pieces.

Inventory:

Armour
 a - a +0 robe (melded)
 k - a +0 cloak (melded)
Jewellery
 l - a +3 ring of intelligence (left front paw)
 m - a +3 ring of intelligence (right front paw)
Wands
 j - a wand of iceblast (9)
Scrolls
 h - 2 scrolls of blinking
 i - 2 scrolls of amnesia
Potions
 b - a potion of lignification
 c - 5 potions of curing
 d - 2 potions of heal wounds
 e - a potion of haste
 f - 4 potions of magic
 g - a potion of invisibility


   Skills:
 * Level 6.3 Fighting
 + Level 5.3 Dodging
 + Level 0.9 Stealth
 + Level 12.7 Unarmed Combat
 + Level 5.2 Spellcasting
 + Level 5.9 Transmutations
 + Level 1.0 Ice Magic


You had 7 spell levels left.
You knew the following spells:

 Your Spells              Type           Power      Damage    Failure   Level
a - Beastly Appendage     Tmut           48%        N/A       1%          1
b - Wereblood             Tmut           24%        N/A       1%          2
c - Spider Form           Tmut/Pois      14%        N/A       12%         3
d - Ice Form              Ice/Tmut       16%        N/A       32%         4

Your spell library contained the following spells:

 Spells                   Type           Power      Damage    Failure   Level


Dungeon Overview and Level Annotations

Branches:
Dungeon (1/1)

Altars:
Cheibriados
Dithmenos
Elyvilon
Fedhas
Gozag
Hepliaklqana
Kikubaaqudgha
Makhleb
Nemelex Xobeh
Okawaru
Qazlal
Ru
Sif Muna
Trog
Uskayaw
Vehumet
Wu Jian
Xom
Yredelemnul
Zin
The Shining One
Beogh
Jiyva
Lugonu


Innate Abilities, Weirdness & Mutations

You are a creature of crystalline ice.
You have a powerful freezing melee attack.
You are amphibious.
Your maximum health is increased.
Your armour is entirely melded.
You are incapable of wielding weapons or throwing items.
You are too large for most types of armour.
((You have claws for hands.))
Your natural rate of healing is unusually fast.
((You are covered in fur. (AC +1)))
((You have tough skin. (AC +1)))


Message History

You have reached level 8!
Unknown command.
There is an open door, spattered with blood here.
You see here 189 gold pieces.
You punch the white ugly thing! You freeze the white ugly thing.
The white ugly thing is no longer distracted by gold.
The white ugly thing is lightly wounded.
The white ugly thing pecks you! The white ugly thing freezes you. You resist.
You hit the white ugly thing. You freeze the white ugly thing.
The white ugly thing is moderately wounded.
The white ugly thing completely misses you.
You pummel the white ugly thing!! You freeze the white ugly thing.
The white ugly thing is severely wounded.
The white ugly thing barely misses you. The white ugly thing pecks you!
The white ugly thing freezes you. You resist.
You punch the white ugly thing! You freeze the white ugly thing.
The white ugly thing is almost dead.
You howl as the wereblood boils in your veins!
The white ugly thing closely misses you.
You punch the white ugly thing! You freeze the white ugly thing.
You feel a bit better.
You kill the white ugly thing!
The centaur warrior wields a +0 shortbow.
The centaur warrior shoots an arrow.
The arrow hits you!!
* * * LOW HITPOINT WARNING * * *
The centaur warrior shoots an arrow.
The arrow hits you!
* * * LOW HITPOINT WARNING * * *
Your Fighting skill increases to level 6!
Your Spellcasting skill increases to level 5!
Your Ice Magic skill increases to level 1!
Unknown command.
You feel much better.
The centaur warrior shoots an arrow.
The arrow hits you!!
* * * LOW HITPOINT WARNING * * *
The boulder beetle leaps!
The centaur warrior shoots an arrow.
The arrow hits you.
* * * LOW HITPOINT WARNING * * *
The centaur warrior unwields a +0 shortbow.
The centaur warrior hits you!
You die...
Your body crumbles into a pile of gold.

▓+▓
▓B▓
▓.▓
▓.▓
▓D▓
▓c▓
▓Y▓
▓$▓
▓.▓
$
▓.▓
$
▓.▓
$ $
▓.▓
$
▓.▓
$
▓.▓
▓)▓
$


You could see a boulder beetle, a centaur warrior and an acid dragon.

Vanquished Creatures
  An ugly thing (D)
  2 trolls (D)
  A wraith (D)
  2 yaks (D)
  An acid dragon (D)
  A necrophage (D)
  An iguana (D)
  2 orc wizards (D)
  An adder (D)
  An ufetubus (D)
  A goblin (D)
  A hobgoblin (D)
  A jackal (D)
  2 quokkas (D)
  A ball python (D)
19 creatures vanquished.

Notes
Turn   | Place    | Note
-------+----------+-------------------------------------------
     0 | D        | mhtbhm the Troll Transmuter began the quest for the Orb.
     0 | D        | Reached XP level 1. HP: 18/18 MP: 1/1
    35 | D        | Noticed an iguana
    35 | D        | Noticed a necrophage
    38 | D        | Reached skill level 4 in Unarmed Combat
    45 | D        | Killed a necrophage
    46 | D        | Reached skill level 6 in Unarmed Combat
    46 | D        | Reached XP level 2. HP: 26/26 MP: 1/4
    46 | D        | Reached XP level 3. HP: 32/32 MP: 1/5
    49 | D        | Reached XP level 4. HP: 40/40 MP: 1/6
    52 | D        | Reached skill level 7 in Unarmed Combat
   105 | D        | Found a snail-covered altar of Cheibriados.
   105 | D        | Found a shadowy altar of Dithmenos.
   105 | D        | Found a white marble altar of Elyvilon.
   105 | D        | Found a blossoming altar of Fedhas.
   105 | D        | Found an opulent altar of Gozag.
   106 | D        | Found a hazy altar of Hepliaklqana.
   107 | D        | Found a viscous altar of Jiyva.
   108 | D        | Found an ancient bone altar of Kikubaaqudgha.
   109 | D        | Found a corrupted altar of Lugonu.
   110 | D        | Found a burning altar of Makhleb.
   111 | D        | Found a sparkling altar of Nemelex Xobeh.
   112 | D        | Found an iron altar of Okawaru.
   113 | D        | Became a worshipper of Gozag Ym Sagoz the Greedy
   114 | D        | Found a stormy altar of Qazlal.
   118 | D        | Learned a level 2 spell: Wereblood
   122 | D        | Learned a level 3 spell: Spider Form
   122 | D        | Found a sacrificial altar of Ru.
   123 | D        | Found a shimmering blue altar of Sif Muna.
   124 | D        | Found a bloodstained altar of Trog.
   125 | D        | Found a hide-covered altar of Uskayaw.
   126 | D        | Found a radiant altar of Vehumet.
   127 | D        | Found an ornate altar of the Wu Jian Council.
   128 | D        | Found a shimmering altar of Xom.
   129 | D        | Found a basalt altar of Yredelemnul.
   130 | D        | Found a glowing silver altar of Zin.
   131 | D        | Found a glowing golden altar of the Shining One.
   166 | D        | Noticed an acid dragon
   166 | D        | Noticed a yak
   166 | D        | Noticed a troll
   166 | D        | Noticed a yak
   170 | D        | Killed a yak
   171 | D        | Reached skill level 9 in Unarmed Combat
   171 | D        | Reached XP level 5. HP: 52/52 MP: 3/9
   174 | D        | Killed a troll
   175 | D        | Reached skill level 10 in Unarmed Combat
   175 | D        | Reached XP level 6. HP: 44/62 MP: 4/10
   179 | D        | Killed a yak
   180 | D        | Reached XP level 7. HP: 48/71 MP: 3/12
   184 | D        | Reached skill level 11 in Unarmed Combat
   190 | D        | Reached skill level 5 in Fighting
   190 | D        | Reached skill level 5 in Transmutations
   255 | D        | Learned a level 4 spell: Ice Form
   467 | D        | Noticed a boulder beetle
   467 | D        | Noticed a centaur warrior
   467 | D        | Noticed a white ugly thing
   467 | D        | Noticed a troll
   467 | D        | Noticed a wraith
   473 | D        | Killed a wraith
   476 | D        | Killed a troll
   477 | D        | Reached skill level 5 in Dodging
   477 | D        | Reached skill level 12 in Unarmed Combat
   477 | D        | Reached XP level 8. HP: 56/83 MP: 7/14
   482 | D        | Killed a white ugly thing
   483 | D        | Reached skill level 5 in Spellcasting
   483 | D        | Reached skill level 1 in Ice Magic
   484 | D        | Slain by a centaur warrior

Illustrated notes

Levels and vault maps discovered:
D:        linesprint [early_d, line_temple, items_1, d_10, items_2, lair_1,
          lair_end, items_3, orc_1, orc_end, items_4, d_15, swamp_1, shoals_1,
          snake_1, spider_1, d_20, vaults_1, items_5, swamp_end, shoals_end,
          snake_end, spider_end, vaults_end, d_27, items_6, zot_1, zot_end,
          crypt_end, forest_end, elf_end, slime_end, tomb_end, abyss_end,
          pan_hell_end]

Skill      XL: |  1  2  3  4  5  6  7  8 |
---------------+-------------------------+-----
Spellcasting   | 2 3 4 5 |  5.2
Unarmed Combat | 6 9 10 12 | 12.7
Dodging        | 2 3 4 5 |  5.3
Transmutations | 2 3 4 5 |  5.9
Fighting       | 2 4 5 6 |  6.3
Ice Magic      | 1 |  1.0
Stealth        | |  0.9

Action                   |  1- 3 |  4- 6 |  7- 9 || total
-------------------------+-------+-------+-------++-------
Melee: Unarmed           |    28 |    13 |    22 ||    63
       Kick              |     2 |     5 |     2 ||     9
       Headbutt          |     2 |     2 |     1 ||     5
       Punch             |       |     2 |       ||     2
 Cast: Beastly Appendage |     2 |     2 |       ||     4
       Wereblood         |       |     1 |     2 ||     3
       Ice Form          |       |       |     1 ||     1
Evoke: Wand              |       |     1 |       ||     1
  Use: Potion            |     1 |       |     1 ||     2
Armor: Robe              |     8 |     2 |     4 ||    14
Dodge: Dodged            |     9 |     6 |     9 ||    24

Table legend: (Time is in decaauts)
 A = Elapsed time spent in this place.
 B = Non-inter-level travel time spent in this place.
 C = Inter-level travel time spent in this place.
 D = Time resting spent in this place.
 E = Time spent auto-exploring this place.
 F = Levels seen in this place.
 G = Mean time per level.
                   A        B        C        D        E       F      G
               +--------+--------+--------+--------+--------+-----+--------+
         Total |    493 |    493 |      0 |    323 |      0 |   1 |  493.0 |
       Dungeon |    493 |    493 |      0 |    323 |      0 |   1 |  493.0 |
               +--------+--------+--------+--------+--------+-----+--------+

Top non-repeatable levels by time:
       D: 493 daAuts
